 Dungeon Crawl Stone Soup version 0.30-a0-1123-gabc949cf19 (webtiles) character file.

Game seed: 17380852742443322143

127614 ragingrage the Severer (level 17, -11/153 HPs)
             Began as a Naga Fighter on Apr 23, 2023.
             Was the Champion of Okawaru.
             Mangled by a demonic crawler (13 damage)
             ... on level 2 of the Spider Nest.
             The game lasted 00:41:19 (29018 turns).

ragingrage the Severer (Naga Fighter)              Turns: 29018, Time: 00:41:19

Health: -11/153    AC: 42    Str: 24    XL:     17   Next: 1%
Magic:  23/23      EV: 13    Int: 14    God:    Okawaru [******]
Gold:   2562       SH: 14    Dex: 15    Spells: 16/16 levels left

rFire   . . .        a - +1 broad axe (venom)
rCold   + + .        g - +0 kite shield
rNeg    . . .        m - +6 scale mail of the Camelopard {rCorr Str+3}
rPois   +            Q - +2 helmet {Int+3}
rElec   +            M - +1 cloak
rCorr   +            f - +0 pair of gloves
SInv    +            n - +6 lightning scales {swift, rElec}
Will    +++..        i - amulet of Kukeomn {rC++ Will+ Regen+ Str-4 Int+2 Dex+3}
Stlth   ++++         Z - +4 ring of protection
HPRegen 1.25/turn    I - +5 ring of evasion
MPRegen 0.18/turn

%: no passive effects
@: heroic, studying 2 skills, slow
A: AC +5, large, see invisible, deformed body, poison resistance, slowness 2,
spit poison 1, naga tail 2
a: Spit Poison, Renounce Religion, Heroism, Finesse, Duel


You were on level 2 of the Spider Nest.
You worshipped Okawaru.
Okawaru was exalted by your worship.
You visited 5 branches of the dungeon, and saw 26 of its levels.
You also visited: Bailey and Ice Cave.

You collected 2939 gold pieces.
You spent 377 gold pieces at shops.

Inventory:

Hand Weapons
 a - a +1 broad axe of venom (weapon)
 b - the +6 war axe of Abuse {drain, *Corrode rPois Will+}
   (You found it in a bailey)

   rPois:     It protects you from poison.
   *Corrode:  It may corrode you when you take damage.
   Will:      It increases your willpower.
 v - the +7 war axe "Naga's Bane" {elec, Dex+6}
   (You found it on level 10 of the Dungeon)

   Dex:       It affects your dexterity (+6).
Missiles
 w - 27 boomerangs (quivered)
 y - 20 poisoned darts
 O - 4 javelins
 R - 2 throwing nets
 V - 7 curare-tipped darts
Armour
 f - a +0 pair of gloves (worn)
 g - a +0 kite shield (worn)
 m - the +6 scale mail of the Camelopard (worn) {rCorr Str+3}
   (You found it on level 2 of the Lair of Beasts)

   Str:       It affects your strength (+3).
   rCorr:     It protects you from acid and corrosion.
 n - the +6 lightning scales (worn) {swift, rElec}
   (Okawaru gifted it to you in an ice cave)

   Swift:     It allows the wearer to cover ground more swiftly.
   rElec:     It insulates you from electricity.
 z - a +3 leather armour of fire resistance
 M - a +1 cloak (worn)
 Q - a +2 helmet of intelligence (worn)
Jewellery
 i - the amulet of Kukeomn (around neck) {rC++ Will+ Regen+ Str-4 Int+2 Dex+3}
   (You found it on level 5 of the Lair of Beasts)

   [amulet of regeneration]

   Str:       It affects your strength (-4).
   Int:       It affects your intelligence (+2).
   Dex:       It affects your dexterity (+3).
   rC:        It greatly protects you from cold.
   Regen:     It increases your rate of health regeneration.
   Will:      It increases your willpower.
 E - a ring of positive energy
 I - a +5 ring of evasion (right hand)
 P - a ring of protection from cold
 Z - a +4 ring of protection (left hand)
Wands
 j - a wand of polymorph (19)
 k - a wand of iceblast (14)
 o - a wand of mindburst (25)
 u - a wand of digging (14)
 B - a wand of flame (8)
 D - a wand of quicksilver (6)
 L - a wand of paralysis (16)
Scrolls
 c - 6 scrolls of poison
 d - 3 scrolls of acquirement {unknown}
 l - 15 scrolls of teleportation
 p - 3 scrolls of immolation
 q - 7 scrolls of fog
 x - 2 scrolls of blinking
 A - 2 scrolls of magic mapping
 F - 4 scrolls of enchant weapon
 J - 3 scrolls of silence
 S - 5 scrolls of identify
Potions
 e - 5 potions of curing
 r - 3 potions of brilliance
 s - 7 potions of attraction
 C - 2 potions of magic
 G - 2 potions of cancellation
 H - 6 potions of heal wounds
 K - 2 potions of resistance
 N - 2 potions of mutation
 U - 3 potions of flight
 W - 6 potions of might
 X - 2 potions of invisibility
 Y - 3 potions of haste
Miscellaneous
 T - a condenser vane (inert)


   Skills:
 - Level 10.0(15.0) Fighting
 - Level 15.9(23.0) Axes
 - Level 14.0(22.0) Maces & Flails
 - Level 6.0(11.0) Throwing
 + Level 8.2(13.2) Armour
 - Level 8.0(13.0) Stealth
 + Level 11.6(16.6) Shields
 - Level 8.0 Invocations
 + Level 7.5 Evocations


You had 16 spell levels left.
You didn't know any spells.
Your spell library contained the following spells:

 Spells                   Type           Power      Damage    Failure   Level
 Freeze                   Ice            0%         1d3       63%         1
 Magic Dart               Conj           0%         1d3       63%         1
 Shock                    Conj/Air       0%         1d3       63%         1
 Blink                    Tloc           0%         N/A       77%         2
 Ensorcelled Hibernation  Hex/Ice        0%         N/A       77%         2
 Poisonous Vapours        Pois/Air       0%         N/A       77%         2
 Searing Ray              Conj           0%         2d4       77%         2
 Frozen Ramparts          Ice            0%         1d1       94%         3
 Hailstorm                Conj/Ice       0%         3d3       94%         3
 Inner Flame              Hex/Fire       0%         N/A       94%         3
 Mephitic Cloud           Conj/Pois/Air  0%         N/A       94%         3
 Spider Form              Tmut/Pois      0%         N/A       94%         3
 Swiftness                Air            0%         N/A       94%         3
 Airstrike                Air            0%         2d(0-16)  100%        4
 Anguish                  Hex/Necr       0%         N/A       100%        4
 Fulminant Prism          Conj/Hex       0%         3d5       100%        4
 Manifold Assault         Tloc           0%         N/A       100%        4
 Blade Hands              Tmut           0%         N/A       100%        5
 Freezing Cloud           Conj/Ice/Air   0%         6-21      100%        5
 Irradiate                Conj/Tmut      0%         3d11      100%        5
 Yara's Violent Unravell  Hex/Tmut       0%         3d3       100%        5
 Dragon Form              Tmut           0%         N/A       100%        7
 Enfeeble                 Hex            0%         N/A       100%        7
 Storm Form               Tmut/Air       0%         N/A       100%        7
 Malign Gateway           Summ/Tloc      Unusable   N/A       N/A         7
 Summon Horrible Things   Summ           Unusable   N/A       N/A         8

Dungeon Overview and Level Annotations

Branches:
Dungeon (15/15)            Temple (1/1) D:7            Lair (5/5) D:11
 Shoals (0/4) Lair:3       Spider (3/4) Lair:3        Slime (0/5) Lair:4
    Orc (2/2) D:12            Elf (0/3) Orc:2        Vaults (0/5) D:13
 Depths (0/4) D:15         Bailey (visited)           IceCv (visited)

Altars:
Ashenzari
Cheibriados
Dithmenos
Elyvilon
Fedhas
Gozag
Hepliaklqana
Kikubaaqudgha
Makhleb
Nemelex Xobeh
Okawaru
Qazlal
Ru
Sif Muna
Trog
Uskayaw
Vehumet
Wu Jian
Xom
Yredelemnul
Zin
The Shining One

Shops:
D:1 [   D:3 *   D:4 :   D:6 !   D:13 [   Orc:2 **(?

Annotations:
D:7 4 runed translucent doors, Crazy Yiuf; Mickster's ghost, novice HOBe
D:8 4 transporters
D:9 3 runed translucent doors, patfeehan111222's ghost, journeyman DsBe; roninjake's ghost, novice MiFi
Lair:4 exclusion: downstairs


Innate Abilities, Weirdness & Mutations

Your serpentine skin is tough. (AC +5)
You have supernaturally acute eyesight. (SInv)
Armour fits poorly on your strangely shaped body.
Your system is resistant to poisons. (rPois)
You cover ground very slowly.
You can spit poison.
You can use your snake-like lower body to constrict enemies.


Message History

The demonic crawler barely misses you.
The demonic crawler hits you but does no damage.
The demonic crawler closely misses you.
You slash the demonic crawler! You constrict the demonic crawler.
You block the demonic crawler's attack. x2
The demonic crawler hits you but does no damage. x2
The demonic crawler hits you! You block the demonic crawler's attack.
You slash the demonic crawler! You constrict the demonic crawler.
You block the demonic crawler's attack. x2; The demonic crawler hits you!
* * * LOW HITPOINT WARNING * * *
Throw: 3 boomerangs (disperse)
Aim: a demonic crawler (lightly wounded, constricted by you, berserk, extremely poisoned, 94% to hit)
You throw a boomerang of dispersal.
The boomerang of dispersal hits the demonic crawler and shatters, but does no damage.
You constrict the demonic crawler, but do no damage.
You block the demonic crawler's attack.
The demonic crawler hits you but does no damage.
You block the demonic crawler's attack.
The demonic crawler hits you but does no damage.
The demonic crawler hits you.
* * * LOW HITPOINT WARNING * * *
The demonic crawler hits you but does no damage.
Throw: 2 boomerangs (disperse)
Aim: a demonic crawler (constricted by you, berserk, extremely poisoned, 94% to hit)
You throw a boomerang of dispersal.
The boomerang of dispersal hits the demonic crawler and shatters for extra damage!!
The demonic crawler struggles to blink free from constriction.
You constrict the demonic crawler. The demonic crawler hits you!!
* * * LOW HITPOINT WARNING * * *
You block the demonic crawler's attack. The demonic crawler hits you!!
* * * LOW HITPOINT WARNING * * *
Throw: boomerang (disperse)
Aim: a demonic crawler (moderately wounded, constricted by you, berserk, very poisoned, 94% to hit)
You throw a boomerang of dispersal.
The boomerang of dispersal hits the demonic crawler and shatters, but does no damage.
You constrict the demonic crawler.
You block the demonic crawler's attack. x2
The demonic crawler barely misses you.
The demonic crawler hits you but does no damage.
You block the demonic crawler's attack. The demonic crawler hits you!
You die...

.............(.
................
....§§§..........
..[.°.........^...
......○☼...........
.....§☼○...........
.....?†...........#.
......†............#.
........@s..........#
...................#
...................#
................##
.^..............#
.............>..#
............^.###
........#.####
....^..###


You could see a demonic crawler (berserk, very poisoned).

Vanquished Creatures
  Rupert (D:15)
  Donald (Orc:2)
  A frost giant (IceCv)
  An orc warlord (Orc:1)
  A spark wasp (Spider:1)
  2 ettins
  4 entropy weavers
  3 vault guards (D:13)
  2 ogre magi (D:15)
  2 ice dragons
  2 catoblepae
  5 centaur warriors
  Erica (D:9)
  3 boulder beetles (D:15)
  6 hydras
  13 two-headed ogres
  A two-headed ogre (shapeshifter) (D:15)
  3 orc high priests (Orc:2)
  A tengu warrior (D:15)
  3 death yaks (IceCv)
  Nergalle (Lair:3)
  2 skysharks (Lair:5)
  A pharaoh ant (Spider:2)
  A fire crab (Lair:5)
  A goliath frog (Lair:5)
  3 skeletal warriors (D:14)
  A wizard (D:15)
  An orb spider (Spider:3)
  2 deep trolls (D:15)
  Pikel (D:7)
  3 necromancers
  A lindwurm (Lair:5)
  6 wolf spider zombies (Spider:2)
  4 deep elf pyromancers
  7 orc knights
  2 wolf spiders (Spider:2)
  5 cyclopes
  6 orc sorcerers
  4 manticores
  A moth of wrath (Spider:2)
  10 ugly things
  Maurice (D:9)
  A demonic crawler (Lair:3)
  3 torpor snails
  A black mamba (Lair:5)
  An ice statue (IceCv)
  A gargoyle (D:12)
  21 cane toads
  11 rime drakes
  An unseen horror (D:6)
  3 kobold demonologists (D:11)
  4 komodo dragons
  A tengu conjurer (D:15)
  3 yaktaurs (D:15)
  8 redback zombies (Spider:2)
  11 polar bears
  16 blink frogs
  4 tarantellas
  8 trolls
  A hornet (D:8)
  2 tyrant leeches (Lair:5)
  4 dream sheep (Lair:3)
  7 culicivora zombies (Spider:2)
  A centaur simulacrum (D:15)
  6 tarantella zombies (Spider:2)
  8 jumping spiders
  20 slime creatures
  Sigmund (D:5)
  3 culicivoras
  3 wyverns
  Eustachio (D:5)
  4 wraiths
  8 humans (D:13)
  2 shadows
  58 yaks
  14 redbacks
  13 steam dragons
  A basilisk (D:12)
  A fire bat (D:12)
  16 vampire mosquitoes
  4 wargs
  Edmund (D:4)
  An acid dragon (D:11)
  9 water moccasins
  31 orc warriors
  2 sky beasts
  7 black bears
  9 ogres
  A tengu (D:11)
  38 wolves
  14 centaurs
  A lemure (D:7)
  A phantom (D:5)
  3 kobold brigands
  14 bullfrogs
  4 gnoll sergeants
  9 scorpions
  10 wights
  8 killer bees
  12 electric eels
  7 howler monkeys
  6 jellies
  7 hounds
  19 orc priests
  A gnoll bouda (D:4)
  Jessica (D:2)
  Ijyb (D:5)
  4 hell rats (Lair:3)
  2 sleepcaps
  2 iguanas
  39 orc wizards
  Robin (D:2)
  22 gnolls
  9 adders
  3 shadow imps (D:6)
  2 white imps
  2 ufetubi
  2 dart slugs
  7 worms
  87 orcs
  8 ball pythons
  8 endoplasms
  5 giant cockroaches
  23 goblins
  10 hobgoblins
  A jackal (D:4)
  4 quokkas
  5 bats
  6 frilled lizards
  16 kobolds
  7 rats
888 creatures vanquished.

Vanquished Creatures (others)
  A steam dragon (Lair:2)
  A human (D:13)
  A sky beast (D:7)
  An orc priest (Orc:2)
  2 orc wizards
  2 orcs (D:10)
  37 fungi
  94 plants
139 creatures vanquished.

Grand Total: 1027 creatures vanquished

Notes
Turn   | Place    | Note
-------+----------+-------------------------------------------
     0 | D:1      | ragingrage the Naga Fighter began the quest for the Orb.
     0 | D:1      | Reached XP level 1. HP: 21/21 MP: 1/1
   183 | D:1      | Reached XP level 2. HP: 28/28 MP: 2/2
   325 | D:1      | Found Burph's Antique Armour Shoppe.
   481 | D:1      | Reached XP level 3. HP: 34/34 MP: 3/3
   725 | D:2      | Noticed Robin
   975 | D:2      | Reached XP level 4. HP: 42/42 MP: 4/4
   977 | D:2      | Noticed Jessica
  1002 | D:3      | Noticed a black bear
  1044 | D:2      | Killed Jessica
  1089 | D:2      | Killed Robin
  1503 | D:2      | Reached skill level 5 in Maces & Flails
  1503 | D:2      | Reached XP level 5. HP: 49/49 MP: 5/5
  1624 | D:2      | Reached skill level 1 in Stealth
  1725 | D:3      | Killed a black bear
  1821 | D:3      | Found Lyukux's General Store.
  2135 | D:4      | Reached XP level 6. HP: 48/56 MP: 6/6
  2141 | D:4      | Noticed Edmund
  2152 | D:4      | Found Nuejuer's Book Emporium.
  2162 | D:4      | Killed Edmund
  2203 | D:4      | Reached XP level 7. HP: 24/62 MP: 5/7
  2497 | D:4      | Found a glowing silver altar of Zin.
  2497 | D:4      | Found a stormy altar of Qazlal.
  3432 | D:4      | Reached XP level 8. HP: 61/69 MP: 5/8
  3870 | D:5      | Entered Level 5 of the Dungeon
  3890 | D:5      | Noticed Sigmund
  3903 | D:5      | Killed Sigmund
  4015 | D:5      | Reached skill level 10 in Maces & Flails
  4099 | D:1      | Bought a spiked ring mail for 198 gold pieces
  4099 | D:1      | Identified the +4 ring mail "Sieleurph" {rC+} (You bought
                  | it in a shop on level 1 of the Dungeon)
  4205 | D:5      | Noticed Ijyb
  4231 | D:5      | Noticed Eustachio
  4233 | D:5      | Killed Ijyb
  4263 | D:5      | Killed Eustachio
  4315 | D:5      | Reached XP level 9. HP: 64/75 MP: 6/9
  4812 | D:5      | Found a burning altar of Makhleb.
  4940 | D:6      | Found Xuetwu's Distillery.
  5443 | D:6      | Noticed an unseen horror
  5462 | D:6      | Killed an unseen horror
  5859 | D:7      | Noticed Mickster's ghost (novice HOBe)
  5859 | D:7      | Found a runed translucent gate.
  5859 | D:7      | Found a runed translucent gate.
  5859 | D:7      | Found a runed translucent gate.
  5976 | D:7      | Found a flagged portal.
  6001 | Bailey   | Entered a bailey
  6071 | Bailey   | Reached XP level 10. HP: 43/84 MP: 5/10
  6551 | Bailey   | Noticed an orc knight
  6588 | Bailey   | Killed an orc knight
  6589 | Bailey   | Reached skill level 1 in Throwing
  6860 | Bailey   | Identified the +6 war axe of Abuse {drain, *Corrode rPois
                  | Will+}
  6932 | D:7      | Noticed Pikel
  6942 | D:7      | Killed Pikel
  6943 | D:7      | Reached skill level 1 in Axes
  7097 | D:7      | Found a staircase to the Ecumenical Temple.
  7105 | Temple   | Entered the Ecumenical Temple
  7399 | D:7      | Identified the +1 robe of Goeffom {Will- rCorr MP-9 Int+3
                  | Archmagi}
  7600 | D:7      | Found a runed translucent door.
  7601 | D:7      | Noticed Crazy Yiuf
  7788 | D:8      | Found a glowing golden altar of the Shining One.
  7869 | D:8      | Reached skill level 2 in Axes
  8022 | D:8      | Found a transporter.
  8024 | D:8      | Found a transporter.
  8027 | D:8      | Found a transporter.
  8056 | D:8      | Found a transporter.
  8406 | D:8      | Paralysed by a hornet for 2 turns
  8868 | D:8      | Identified the +3 robe "Ebaw" {Drain rPois SInv Archmagi}
  9024 | D:9      | Noticed Erica
  9046 | D:9      | Killed Erica
  9047 | D:9      | Reached skill level 3 in Axes
  9047 | D:9      | Reached XP level 11. HP: 58/93 MP: 7/11
  9440 | D:9      | Found an iron altar of Okawaru.
  9451 | D:9      | Became a worshipper of Warmaster Okawaru
  9855 | D:9      | Reached skill level 5 in Throwing
  9898 | D:9      | Reached skill level 5 in Fighting
  9949 | D:9      | Noticed Maurice
  9955 | D:9      | Killed Maurice
 10072 | D:6      | Bought a potion of heal wounds for 55 gold pieces
 10072 | D:6      | Bought a potion of mutation for 88 gold pieces
 10280 | D:10     | Entered Level 10 of the Dungeon
 10314 | D:9      | Found a runed translucent gate.
 10314 | D:9      | Found a runed translucent gate.
 10314 | D:9      | Found a runed translucent gate.
 10315 | D:9      | Noticed roninjake's ghost (novice MiFi)
 10316 | D:9      | Noticed patfeehan111222's ghost (journeyman DsBe)
 10658 | D:10     | Identified the +5 trident "Zuecuc" {vamp, Fragile rF+ MP+9
                  | Str+3}
 10716 | D:10     | Reached * piety under Okawaru
 11058 | D:10     | Reached skill level 5 in Shields
 11306 | D:10     | Reached skill level 4 in Axes
 11480 | D:10     | Noticed a two-headed ogre
 11486 | D:10     | Killed a two-headed ogre
 11616 | D:10     | Identified the +7 war axe "Naga's Bane" {elec, Dex+6}
 11636 | D:10     | Reached ** piety under Okawaru
 12741 | D:11     | Reached skill level 5 in Axes
 12796 | D:11     | Noticed Sonja
 12797 | D:11     | Sonja changed into Sonja the tengu
 12797 | D:11     | Noticed Sonja
 12803 | D:11     | Reached *** piety under Okawaru
 12803 | D:11     | Killed Sonja the tengu
 13148 | D:11     | Noticed a manticore
 13154 | D:11     | Killed a manticore
 13154 | D:11     | Reached **** piety under Okawaru
 13154 | D:11     | Received a gift from Okawaru
 13155 | D:11     | Reached XP level 12. HP: 83/106 MP: 9/12
 13276 | D:11     | Found a staircase to the Lair.
 13353 | D:11     | Reached skill level 6 in Axes
 13358 | D:11     | Noticed a sun demon
 13724 | Lair:1   | Entered Level 1 of the Lair of Beasts
 14326 | Lair:1   | Reached skill level 7 in Axes
 15148 | Lair:1   | Reached ***** piety under Okawaru
 16027 | Lair:2   | Identified the +6 scale mail of the Camelopard {rCorr
                  | Str+3}
 16125 | Lair:2   | Reached skill level 8 in Axes
 16237 | Lair:2   | Noticed a seven-headed hydra
 16248 | Lair:2   | Killed a nine-headed hydra
 17071 | Lair:3   | Reached skill level 9 in Axes
 17344 | Lair:3   | Noticed Nergalle
 17360 | Lair:3   | Killed Nergalle
 17361 | Lair:3   | Gained mutation: You can use your snake-like lower body to
                  | constrict enemies. [Naga growth]
 17361 | Lair:3   | Reached XP level 13. HP: 118/118 MP: 13/13
 17638 | Lair:3   | Found a hole to the Spider Nest.
 17649 | Lair:3   | Reached skill level 10 in Axes
 17976 | Lair:3   | Received a gift from Okawaru
 17977 | Lair:3   | Reached skill level 1 in Invocations
 18000 | Lair:3   | Found a staircase to the Shoals.
 18400 | Lair:4   | Identified the +3 morningstar "Firph" {chaos, rElec rCorr
                  | Dex-2} (Okawaru gifted it to you on level 4 of the Lair of
                  | Beasts)
 18400 | Lair:4   | Received a gift from Okawaru
 18823 | Lair:4   | Found a staircase to the Slime Pits.
 19732 | Lair:5   | Entered Level 5 of the Lair of Beasts
 20030 | Lair:5   | Reached skill level 11 in Axes
 20104 | Lair:5   | Reached skill level 5 in Invocations
 20180 | Lair:5   | Identified the +3 battleaxe "Ogunulew" {antimagic, Will-
                  | rCorr Str+3} (Okawaru gifted it to you on level 5 of the
                  | Lair of Beasts)
 20180 | Lair:5   | Received a gift from Okawaru
 20516 | Lair:5   | Reached skill level 12 in Axes
 20648 | Lair:5   | Reached XP level 14. HP: 63/127 MP: 9/19
 20847 | Lair:5   | Reached skill level 13 in Axes
 20986 | Lair:5   | Identified the +1 broad axe "Goblinbane" {speed, rPois rC-
                  | Str+4 Dex+2} (Okawaru gifted it to you on level 5 of the
                  | Lair of Beasts)
 20986 | Lair:5   | Received a gift from Okawaru
 21062 | Lair:5   | Reached ****** piety under Okawaru
 21238 | Lair:5   | Reached skill level 14 in Axes
 21415 | Lair:5   | Identified the +5 lajatang "Eviscerator" {heavy, rElec
                  | rPois rC+ rN+}
 21416 | Lair:5   | Identified the amulet of Kukeomn {rC++ Will+ Regen+ Str-4
                  | Int+2 Dex+3}
 22007 | D:12     | Found a staircase to the Orcish Mines.
 22293 | D:12     | Received a gift from Okawaru
 22468 | D:13     | Reached skill level 15 in Axes
 22707 | D:13     | Found a bloodstained altar of Trog.
 22738 | D:13     | Found Qurenaadd's Antique Armour Shoppe.
 22849 | D:13     | Found a gate to the Vaults.
 23016 | D:14     | Received a gift from Okawaru
 23162 | Orc:1    | Entered Level 1 of the Orcish Mines
 23239 | Orc:1    | Noticed an orc warlord
 23247 | Orc:2    | Entered Level 2 of the Orcish Mines
 23266 | Orc:2    | Reached skill level 5 in Stealth
 23266 | Orc:2    | Reached XP level 15. HP: 38/134 MP: 20/20
 23416 | Orc:1    | Found a frozen archway.
 23427 | Orc:1    | Received a gift from Okawaru
 23440 | IceCv    | Entered an ice cave
 23604 | IceCv    | Received a gift from Okawaru
 23604 | IceCv    | Found the +6 lightning scales {swift, rElec}
 23879 | IceCv    | Noticed a frost giant
 23972 | IceCv    | Killed a frost giant
 24213 | Orc:1    | Killed an orc warlord
 24720 | Orc:2    | Found a staircase to the Elven Halls.
 24867 | Orc:2    | Noticed Donald
 24876 | Orc:2    | Killed Donald
 25110 | Orc:2    | Found Xiru's Magic Scroll Emporium.
 25147 | Orc:2    | Reached skill level 10 in Fighting
 25172 | Orc:2    | Reached skill level 5 in Armour
 25224 | Orc:2    | Received a gift from Okawaru
 25343 | Orc:2    | Found Torushri's General Store.
 25344 | Orc:2    | Found Vuwass's Assorted Antiques.
 25349 | Orc:2    | Found Uwur's Antique Weapon Shop.
 25351 | Orc:2    | Bought a scroll of teleportation for 36 gold pieces
 25729 | D:14     | Reached skill level 1 in Evocations
 25848 | D:14     | Found a white marble altar of Elyvilon.
 25848 | D:14     | Found a glowing golden altar of the Shining One.
 25849 | D:14     | Found a glowing silver altar of Zin.
 26399 | D:15     | Entered Level 15 of the Dungeon
 26426 | D:15     | Noticed Rupert
 26440 | D:15     | Killed Rupert
 26444 | D:15     | Received a gift from Okawaru
 26445 | D:15     | Reached XP level 16. HP: 114/146 MP: 22/22
 26450 | D:15     | Reached skill level 10 in Shields
 26534 | D:15     | Found a radiant altar of Vehumet.
 26854 | D:15     | Reached skill level 5 in Evocations
 26854 | D:15     | Found a staircase to the Depths.
 27759 | Spider:1 | Entered Level 1 of the Spider Nest
 27890 | Spider:1 | Received a gift from Okawaru
 29004 | Spider:2 | Reached XP level 17. HP: 81/153 MP: 23/23
 29017 | Spider:2 | HP: 1/153 [demonic crawler (20)]
 29018 | Spider:2 | Mangled by a demonic crawler

Illustrated notes

Levels and vault maps discovered:
D:1:      lightli_arrival_lavapool, layout_basic, serial_shops,
          nicolae_shop_behind_doors
D:2:      layout_basic, uniq_robin, uniq_jessica
D:3:      layout_basic, serial_shops, nicolae_diamond_shop, minivault_26
D:4:      minmay_clustersquares, layout_basic, mainiacjoe_overflow_divided_tiny,
          serial_shops, nicolae_diamond_shop, minmay_manual_mullet, uniq_edmund
D:5:      layout_cave_pools, makhleb_blood_cavern_becter, dk_rats_in_the_wall,
          uniq_ijyb, uniq_eustachio, uniq_sigmund
D:6:      layout_loops_corners, serial_shops, nicolae_shop_industrial_runoff
D:7:      layout_cave_pools, minmay_temple_entry_junction, enter_bailey_5,
          ebering_ghost_rock_garden, uniq_pikel, uniq_crazy_yiuf_cottage
D:8:      layout_loops_ring, mainiacjoe_overflow_chevrons,
          nicolae_diode_quadrants
D:9:      layout_roguey, okawaru_metal_pillars_1_2, gammafunk_ghost_cemetery,
          uniq_maurice, uniq_erica
D:10:     layout_basic, st_stairs_6
D:11:     layout_roguey, grunt_lair_entry_orc_guard_hut, uniq_sonja
D:12:     nicolae_whirlpool, layout_cave_pools, orc_0_dummy
D:13:     layout_rooms, ximxim_vaults_locker_room, serial_shops, shop_fountains,
          trog_hazing_becter
D:14:     layout_rooms, good_gods_temple_1
D:15:     hangedman_depths_entry_civil_slaughter, layout_stronghold,
          nicolae_vehumet_radiance, minmay_the_grid_2x2
          [minmay_the_grid_odd_star, minmay_the_grid_diamond_grid,
          minmay_the_grid_holed_spiral, minmay_the_grid_prize_big_room],
          uniq_rupert
Temple:   bh_familiar_temple
Lair:1:   layout_gridlike, cheibrodos_lair_caveside_slide, grunt_megastairs_3
Lair:2:   layout_chaotic_city, bobbens_dragon_lair_wall, lemuel_fruit_tree
Lair:3:   layout_roguey, elwin_shoals_entry_rocks,
          nicolae_spider_entry_non_spiders, mumra_transporter_accident,
          grunt_megastairs_5, uniq_nergalle
Lair:4:   layout_layer_cave, nicolae_slime_entry_slimehenge
Lair:5:   minmay_lair_end_frog_pond, layout_small_grid
Spider:1: layout_cave_pods, spiders_nest_hornet_nest
Spider:2: lemuel_spider_zombies, drop_trap, uniq_jorgrun, uniq_louise
Spider:3: layout_spider_delve
Orc:1:    layout_caves, portal_ice_cave_rime, nicolae_orc_flooded_monolith,
          guppyfry_library_mini
Orc:2:    st_orc_elflike, layout_caves, uniq_donald

Skill      XL: |  1  2  3  4  5  6  7  8  9 10 11 12 13 14 15 16 |
---------------+-------------------------------------------------+-----
Maces & Flails | 3 4 5 7 8 11 13 14 | 14.0
Stealth        | 3 4 5 8 |  8.0
Throwing       | 4 6 |  6.0
Shields        | 4 6 7 8 9 11 | 11.6
Axes           | 3 5 9 12 15 | 15.9
Fighting       | 4 6 8 10 | 10.0
Invocations    | 7 8 |  8.0
Armour         | 5 8 |  8.2
Evocations     | 3 7 |  7.5

Action                     |  1- 3 |  4- 6 |  7- 9 | 10-12 | 13-15 | 16-18 || total
---------------------------+-------+-------+-------+-------+-------+-------++-------
  Melee: Flail             |    76 |   114 |   370 |    75 |    39 |       ||   674
         War axe           |       |       |       |   498 |   934 |   303 ||  1735
         Constrict         |       |       |       |       |   203 |    83 ||   286
         Broad axe         |       |       |       |       |       |    98 ||    98
  Throw: Dart              |       |       |       |     3 |     6 |       ||     9
         Boomerang         |       |       |       |     1 |    46 |    19 ||    66
         Javelin           |       |       |       |       |     2 |       ||     2
 Invoke: Heroism           |       |       |       |       |     8 |     2 ||    10
         Finesse           |       |       |       |       |     2 |       ||     2
Ability: Spit Poison       |     4 |     7 |     3 |     3 |       |       ||    17
  Evoke: Wand              |       |     5 |     2 |     1 |     8 |       ||    16
         Condenser vane    |       |       |       |       |       |     1 ||     1
    Use: Potion            |       |     5 |       |       |     1 |     1 ||     7
         Scroll            |       |     6 |     3 |    10 |     8 |       ||    27
   Stab: Invisible         |       |     4 |       |       |       |       ||     4
         Distracted        |       |       |     1 |     1 |       |       ||     2
         Sleeping          |       |       |       |     3 |     1 |     2 ||     6
 Armour: Scale mail        |    39 |    80 |    89 |    36 |   516 |   307 ||  1067
         Skin              |       |     8 |       |       |       |       ||     8
         Ring mail         |       |       |   192 |   300 |       |       ||   492
  Dodge: Dodged            |    30 |    64 |   161 |   202 |   430 |   196 ||  1083
  Block: Buckler           |    17 |    34 |   103 |    41 |       |       ||   195
         Kite shield       |       |       |       |   199 |   580 |   290 ||  1069

Table legend: (Time is in decaauts)
 A = Elapsed time spent in this place.
 B = Non-inter-level travel time spent in this place.
 C = Inter-level travel time spent in this place.
 D = Time resting spent in this place.
 E = Time spent auto-exploring this place.
 F = Levels seen in this place.
 G = Mean time per level.
                   A        B        C        D        E       F      G
               +--------+--------+--------+--------+--------+-----+--------+
         Total |  34948 |  32134 |   2814 |   5980 |  19660 |  28 | 1248.1 |
       Dungeon |  19596 |  17672 |   1924 |   2529 |  11625 |  15 | 1306.4 |
        Temple |    264 |    245 |     19 |      0 |    229 |   1 |  264.0 |
          Lair |   9849 |   9254 |    595 |   2513 |   5359 |   5 | 1969.8 |
   Spider Nest |   1388 |   1369 |     19 |     93 |    905 |   3 |  462.7 |
  Orcish Mines |   2063 |   1808 |    255 |    221 |   1020 |   2 | 1031.5 |
        Bailey |    933 |    933 |      0 |    555 |     50 |   1 |  933.0 |
      Ice Cave |    852 |    852 |      0 |     67 |    469 |   1 |  852.0 |
               +--------+--------+--------+--------+--------+-----+--------+

Top non-repeatable levels by time:
  Lair:1: 2409 daAuts
  Lair:4: 2217 daAuts
     D:4: 2112 daAuts
    D:10: 2065 daAuts
  Lair:5: 2043 daAuts
     D:9: 1757 daAuts
  Lair:2: 1703 daAuts
     D:8: 1645 daAuts
  Lair:3: 1475 daAuts
     D:6: 1357 daAuts
    D:15: 1342 daAuts
     D:7: 1291 daAuts
    D:11: 1257 daAuts
     D:2: 1256 daAuts
     D:1: 1136 daAuts
